Map: Royal Blood LE

Players

ferrule - Winner!

  • Race: Terran Terran
  • League: Platinum
  • Spawn Location: 7:00

IIIIIIII

  • Race: Terran Terran
  • Spawn Location: 1:00

VOD

Have the link to the VOD?

Description

Time

  • Played on: April 12, 2023, 4:41 a.m.
  • Length: 6:18
Show
View Real Time Build Order
Export as new Build Order

ferrule Terran - Winner!

Build Orders: 1/1/1, Banshee Rush 

Get SALT Encoding   

  12  0:00  SCV  
  13  0:12  SCV  
  14  0:18  Supply Depot  
  14  0:24  SCV  
  15  0:30  Refinery  
  15  0:40  SCV  
  16  0:46  Barracks  
  16  0:52  SCV  
  16  0:56  Refinery  
  17  1:04  SCV  
  18  1:16  SCV  
  19  1:28  SCV  
  20  1:33  Reaper  
  20  1:36  Factory  
  21  1:41  Orbital Command  
  21  1:49  Supply Depot  
  21  2:05  Barracks Reactor  
  21  2:06  SCV  
  22  2:18  SCV  
  22  2:21  Hellion  
  22  2:22  Starport  
  25  2:28  Supply Depot  
  25  2:31  SCV  
  26  2:42  Reaper x2  
  26  2:43  Hellion  
  30  2:46  SCV  
  31  2:58  Supply Depot  
  31  3:00  Medivac  
  31  3:03  SCV  
  31  3:04  Hellion  
  36  3:14  Reaper x2  
  36  3:15  SCV  
  39  3:26  Hellion  
  41  3:27  SCV  
  41  3:30  Starport Tech Lab  
  42  3:39  SCV  
  43  3:49  Command Center, Banshee  
  43  3:55  Factory Tech Lab  
  46  3:56  Cloaking Field  
  46  3:57  SCV  
  46  4:02  Supply Depot  
  48  4:24  SCV  
  41  4:48  Siege Tank  
  41  4:49  Raven  
  41  4:51  SCV  
  39  4:58  Bunker  
  39  5:00  Marine x2  
  39  5:02  Orbital Command  
  39  5:04  Refinery  
  39  5:06  SCV  
  42  5:10  Armory  
  42  5:11  Engineering Bay  
  42  5:18  Marine x2, SCV  
  45  5:29  Siege Tank  
  45  5:30  SCV  
  49  5:35  Marine x2  
  49  5:42  SCV  
  52  5:56  Marine x2  
  54  6:05  SCV  
Show
View Real Time Build Order
Export as new Build Order

IIIIIIII Terran 

Build Orders:  

Get SALT Encoding   

  12  0:00  SCV  
  13  0:12  SCV  
  14  0:18  Supply Depot  
  14  0:24  SCV  
  15  0:39  SCV  
  16  0:44  Barracks  
  16  0:49  Refinery  
  16  0:52  SCV  
  17  1:07  SCV  
  18  1:19  SCV  
  19  1:38  Orbital Command  
  19  1:40  Command Center  
  19  1:45  Barracks Reactor  
  19  2:09  SCV  
  20  2:23  SCV  
  20  2:25  Marine x2  
  23  2:33  Barracks  
  23  2:35  Barracks  
  23  2:42  Supply Depot  
  23  2:44  Supply Depot  
  23  2:51  Marine x2  
  23  2:52  SCV  
  26  3:02  Orbital Command  
  26  3:03  Bunker  
  26  3:04  SCV  
  27  3:10  Engineering Bay  
  27  3:14  Marine x2  
  27  3:16  SCV  
  32  3:28  Barracks Tech Lab x2  
  32  3:30  SCV x2  
  32  3:46  Marine, SCV x2  
  32  3:47  Marine x3  
  32  3:48  Refinery, Stimpack  
  38  4:02  Supply Depot, SCV  
  39  4:03  SCV  
  39  4:04  Marine x2  
  39  4:05  Marine x2  
  44  4:13  Terran Infantry Weapons Level 1  
  44  4:15  SCV x2  
  46  4:22  Marine x3  
  46  4:23  Marine  
  30  4:40  Marine x4  
  22  4:55  SCV  
  22  4:56  SCV  
  22  4:58  Marine x4  
  28  5:08  SCV x2  
  30  5:15  Marine  
  30  5:16  Marine  
  30  5:17  Marine  
  30  5:18  Marine  
  34  5:23  SCV x2  
  36  5:33  Marine  
  36  5:39  Missile Turret  
  31  5:56  SCV x2  
Tags
 
League
Platinum
Matchup
TvT
Opening
1/1/1
Race
Terran
Spawn Locations
Cross Positions
Strategy
Banshee Rush
Add a new tag
Caveats
  • Supply blocks, unpowered buildings, or Contaminate may cause inaccurate times.
  • Supply counts are checked every 10 seconds.